 Dungeon Crawl Stone Soup version 0.29.0-4-gdea44cf6ec (webtiles) character file.

Game seed: 8579857578705723076

45 qw the Chopper (level 3, -5/46 HPs)
             Began as a Minotaur Berserker on Sept 4, 2022.
             Was a Follower of Trog.
             Slain by a gnoll
             ... wielding a +0 spear
              (7 damage)
             ... on level 4 of the Dungeon.
             The game lasted 00:01:20 (858 turns).

qw the Chopper (Minotaur Berserker)                  Turns: 858, Time: 00:01:21

Health: -5/46      AC:  2    Str: 23    XL:     3   Next: 42%
Magic:  2/2        EV: 12    Int:  4    God:    Trog [*.....]
Gold:   21         SH:  0    Dex:  9    Spells: 2/2 levels left

rFire   . . .      SeeInvis .   a - +0 hand axe
rCold   . . .      Faith    .   (no shield)
rNeg    . . .      Spirit   .   b - +0 animal skin
rPois   .          Reflect  .   (helmet restricted)
rElec   .          Harm     .   (no cloak)
rCorr   .          Rampage  .   (no gloves)
Will    .....                   (no boots)
Stlth   ..........              (no amulet)
HPRegen 0.15/turn               (no ring)
MPRegen 0.08/turn               (no ring)

@: berserking (expiring), very quick
A: horns 2, retaliatory headbutt
a: Renounce Religion, Berserk


You were on level 4 of the Dungeon.
You worshipped Trog.
Trog was aware of your devotion.
You visited 1 branch of the dungeon, and saw 3 of its levels.

You collected 21 gold pieces.


Innate Abilities, Weirdness & Mutations

You have a pair of horns on your head.
You reflexively headbutt those who attack you in melee.


   Skills:
 - Level 3.6 Fighting
 + Level 5.5 Axes
 - Level 2.4 Armour
 - Level 2.1 Dodging


You had 2 spell levels left.
You didn't know any spells.
Your spell library was empty.

Inventory:

Hand Weapons
 a - a +0 hand axe (weapon)
 d - a +0 club
Armour
 b - a +0 animal skin (worn)
 e - a +0 leather armour
 g - a +0 pair of boots
Scrolls
 f - a scroll of identify {unknown}
Potions
 c - a potion of heal wounds {unknown}
 h - a potion of degeneration {unknown}

Dungeon Overview and Level Annotations

Branches:
Dungeon (4/15)
 Temple: D:4-7

Altars:

Shops:
D:1 [


Message History

An orc comes into view. It is wielding a +0 mace.
The orc shouts!
You hit the orc wizard.
The orc wizard is moderately wounded.
You barely miss the orc wizard.
The orc wizard is moderately wounded.
The orc priest calls down the wrath of Beogh upon you.
Beogh smites you! The orc wizard closely misses you.
You closely miss the orc wizard.
The orc wizard is moderately wounded.
The orc wizard hits you with a +0 dagger.
You closely miss the orc wizard. You headbutt the orc wizard!
You kill the orc wizard!
Trog accepts your kill.
Trog appreciates your killing of a magic user.
Your Axes skill increases to level 5!
You have reached level 3!
Your experience leads to an increase in your attributes!
Increase (S)trength, (I)ntelligence, or (D)exterity?
You feel stronger. x2
The gnoll hits you from afar with a +0 spear!
The orc hits you with a +0 hand axe.
Things that are here:
a +0 dagger; a +0 robe; an orc corpse You hit the orc.
You headbutt the orc, but do no damage.
The orc is moderately wounded.
The orc hits you with a +0 hand axe.
The gnoll hits you from afar with a +0 spear.
You closely miss the orc.
The orc is moderately wounded.
The orc hits you with a +0 hand axe. The gnoll hits you but does no damage.
You barely miss the orc.
The orc is moderately wounded.
You hit the orc.
The orc is moderately wounded.
The orc misses you. The gnoll barely misses you.
You closely miss the orc.
The orc is moderately wounded.
The orc misses you.
The gnoll hits you from afar with a +0 spear!
You die...

####...#.######.#
.............###.#
#####...#>.......#
########.#####
#.## #..# ##.# #.#
#@# #o#


ggg #oo## #.o# ...# ..## .#. You could see an orc priest, 3 gnolls and 3 orcs.

Vanquished Creatures
  An orc wizard (D:4)
  An adder (D:2)
  A dart slug (D:2)
  An endoplasm (D:1)
  2 goblins
  A hobgoblin (D:1)
  2 ball pythons
  A bat (D:2)
  A frilled lizard (D:2)
  A kobold (D:2)
  A rat (D:2)
13 creatures vanquished.

Vanquished Creatures (others)
  4 toadstools (D:1)
4 creatures vanquished.

Grand Total: 17 creatures vanquished

Notes
Turn   | Place    | Note
-------+----------+-------------------------------------------
     0 | D:1      | qw the Minotaur Berserker began the quest for the Orb.
     0 | D:1      | Reached XP level 1. HP: 19/19 MP: 0/0
     0 | D:1      | 0 ||| qw: Version: 0.1-a-103-gd6f5d3a
     0 | D:1      | 0 ||| qw: Game counter: 5743
     0 | D:1      | 0 ||| qw: Always use a shield: true
     0 | D:1      | 0 ||| qw: Do Orc after D:15 true
     0 | D:1      | 0 ||| qw: Do second Lair branch before Depths: true
     0 | D:1      | 0 ||| qw: Lair rune preference: random
     0 | D:1      | 0 ||| qw: Plans: Normal
     0 | D:1      | 0 ||| PLANNING D:1-11
    22 | D:1      | 22 ||| Stepping randomly (stuck).
    23 | D:1      | 23 ||| Stepping randomly (stuck).
    24 | D:1      | 24 ||| Stepping randomly (stuck).
    25 | D:1      | 25 ||| Stepping randomly (stuck).
    26 | D:1      | 26 ||| Stepping randomly (stuck).
    27 | D:1      | 27 ||| Stepping randomly (stuck).
    28 | D:1      | 28 ||| Stepping randomly (stuck).
    29 | D:1      | 29 ||| Stepping randomly (stuck).
    30 | D:1      | 30 ||| Stepping randomly (stuck).
    31 | D:1      | 31 ||| Stepping randomly (stuck).
    32 | D:1      | 32 ||| Stepping randomly (stuck).
    33 | D:1      | 33 ||| Stepping randomly (stuck).
    34 | D:1      | 34 ||| Stepping randomly (stuck).
    35 | D:1      | 35 ||| Stepping randomly (stuck).
    36 | D:1      | 36 ||| Stepping randomly (stuck).
    37 | D:1      | 37 ||| Stepping randomly (stuck).
    38 | D:1      | 38 ||| Stepping randomly (stuck).
    39 | D:1      | 39 ||| Stepping randomly (stuck).
    40 | D:1      | 40 ||| Stepping randomly (stuck).
    41 | D:1      | 41 ||| Stepping randomly (stuck).
    42 | D:1      | 42 ||| Stepping randomly (stuck).
    43 | D:1      | 43 ||| Stepping randomly (stuck).
    44 | D:1      | 44 ||| Stepping randomly (stuck).
    45 | D:1      | 45 ||| Stepping randomly (stuck).
    46 | D:1      | 46 ||| Stepping randomly (stuck).
    47 | D:1      | 47 ||| Stepping randomly (stuck).
    48 | D:1      | 48 ||| Stepping randomly (stuck).
    49 | D:1      | 49 ||| Stepping randomly (stuck).
    50 | D:1      | 50 ||| Stepping randomly (stuck).
    51 | D:1      | 51 ||| Stepping randomly (stuck).
    52 | D:1      | 52 ||| Stepping randomly (stuck).
    53 | D:1      | 53 ||| Stepping randomly (stuck).
    54 | D:1      | 54 ||| Stepping randomly (stuck).
    55 | D:1      | 55 ||| Stepping randomly (stuck).
    56 | D:1      | 56 ||| Stepping randomly (stuck).
    57 | D:1      | 57 ||| Stepping randomly (stuck).
    58 | D:1      | 58 ||| Stepping randomly (stuck).
    59 | D:1      | 59 ||| Stepping randomly (stuck).
    60 | D:1      | 60 ||| Stepping randomly (stuck).
    61 | D:1      | 61 ||| Stepping randomly (stuck).
    62 | D:1      | 62 ||| Stepping randomly (stuck).
    63 | D:1      | 63 ||| Stepping randomly (stuck).
    64 | D:1      | 64 ||| Stepping randomly (stuck).
    65 | D:1      | 65 ||| Stepping randomly (stuck).
    66 | D:1      | 66 ||| Stepping randomly (stuck).
    67 | D:1      | 67 ||| Stepping randomly (stuck).
    68 | D:1      | 68 ||| Stepping randomly (stuck).
    69 | D:1      | 69 ||| Stepping randomly (stuck).
    70 | D:1      | 70 ||| Stepping randomly (stuck).
    71 | D:1      | 71 ||| Stepping randomly (stuck).
    72 | D:1      | 72 ||| Stepping randomly (stuck).
    73 | D:1      | 73 ||| Stepping randomly (stuck).
    74 | D:1      | 74 ||| Stepping randomly (stuck).
    75 | D:1      | 75 ||| Stepping randomly (stuck).
    76 | D:1      | 76 ||| Stepping randomly (stuck).
    77 | D:1      | 77 ||| Stepping randomly (stuck).
    78 | D:1      | 78 ||| Stepping randomly (stuck).
    79 | D:1      | 79 ||| Stepping randomly (stuck).
    80 | D:1      | 80 ||| Stepping randomly (stuck).
    81 | D:1      | 81 ||| Stepping randomly (stuck).
    82 | D:1      | 82 ||| Stepping randomly (stuck).
    83 | D:1      | 83 ||| Stepping randomly (stuck).
    84 | D:1      | 84 ||| Stepping randomly (stuck).
    85 | D:1      | 85 ||| Stepping randomly (stuck).
    86 | D:1      | 86 ||| Stepping randomly (stuck).
    87 | D:1      | 87 ||| Stepping randomly (stuck).
    88 | D:1      | 88 ||| Stepping randomly (stuck).
    89 | D:1      | 89 ||| Stepping randomly (stuck).
    90 | D:1      | 90 ||| Stepping randomly (stuck).
    91 | D:1      | 91 ||| Stepping randomly (stuck).
    92 | D:1      | 92 ||| Stepping randomly (stuck).
    93 | D:1      | 93 ||| Stepping randomly (stuck).
    94 | D:1      | 94 ||| Stepping randomly (stuck).
    95 | D:1      | 95 ||| Stepping randomly (stuck).
    96 | D:1      | 96 ||| Stepping randomly (stuck).
    97 | D:1      | 97 ||| Stepping randomly (stuck).
    98 | D:1      | 98 ||| Stepping randomly (stuck).
    99 | D:1      | 99 ||| Stepping randomly (stuck).
   100 | D:1      | 100 ||| Stepping randomly (stuck).
   101 | D:1      | 101 ||| Stepping randomly (stuck).
   102 | D:1      | 102 ||| Stepping randomly (stuck).
   103 | D:1      | 103 ||| Stepping randomly (stuck).
   104 | D:1      | 104 ||| Stepping randomly (stuck).
   105 | D:1      | 105 ||| Stepping randomly (stuck).
   106 | D:1      | 106 ||| Stepping randomly (stuck).
   107 | D:1      | 107 ||| Stepping randomly (stuck).
   108 | D:1      | 108 ||| Stepping randomly (stuck).
   109 | D:1      | 109 ||| Stepping randomly (stuck).
   110 | D:1      | 110 ||| Stepping randomly (stuck).
   111 | D:1      | 111 ||| Stepping randomly (stuck).
   112 | D:1      | 112 ||| Stepping randomly (stuck).
   113 | D:1      | 113 ||| Stepping randomly (stuck).
   114 | D:1      | 114 ||| Stepping randomly (stuck).
   115 | D:1      | 115 ||| Stepping randomly (stuck).
   116 | D:1      | 116 ||| Stepping randomly (stuck).
   117 | D:1      | 117 ||| Stepping randomly (stuck).
   118 | D:1      | 118 ||| Stepping randomly (stuck).
   119 | D:1      | 119 ||| Stepping randomly (stuck).
   120 | D:1      | 120 ||| Stepping randomly (stuck).
   121 | D:1      | 121 ||| Stepping randomly (stuck).
   122 | D:1      | 122 ||| Stepping randomly (stuck).
   123 | D:1      | 123 ||| Stepping randomly (stuck).
   124 | D:1      | 124 ||| Stepping randomly (stuck).
   125 | D:1      | 125 ||| Stepping randomly (stuck).
   126 | D:1      | 126 ||| Stepping randomly (stuck).
   127 | D:1      | 127 ||| Stepping randomly (stuck).
   128 | D:1      | 128 ||| Stepping randomly (stuck).
   129 | D:1      | 129 ||| Stepping randomly (stuck).
   130 | D:1      | 130 ||| Stepping randomly (stuck).
   131 | D:1      | 131 ||| Stepping randomly (stuck).
   132 | D:1      | 132 ||| Stepping randomly (stuck).
   133 | D:1      | 133 ||| Stepping randomly (stuck).
   134 | D:1      | 134 ||| Stepping randomly (stuck).
   135 | D:1      | 135 ||| Stepping randomly (stuck).
   136 | D:1      | 136 ||| Stepping randomly (stuck).
   137 | D:1      | 137 ||| Stepping randomly (stuck).
   138 | D:1      | 138 ||| Stepping randomly (stuck).
   139 | D:1      | 139 ||| Stepping randomly (stuck).
   140 | D:1      | 140 ||| Stepping randomly (stuck).
   141 | D:1      | 141 ||| Stepping randomly (stuck).
   142 | D:1      | 142 ||| Stepping randomly (stuck).
   143 | D:1      | 143 ||| Stepping randomly (stuck).
   144 | D:1      | 144 ||| Stepping randomly (stuck).
   145 | D:1      | 145 ||| Stepping randomly (stuck).
   146 | D:1      | 146 ||| Stepping randomly (stuck).
   147 | D:1      | 147 ||| Stepping randomly (stuck).
   148 | D:1      | 148 ||| Stepping randomly (stuck).
   149 | D:1      | 149 ||| Stepping randomly (stuck).
   150 | D:1      | 150 ||| Stepping randomly (stuck).
   151 | D:1      | 151 ||| Stepping randomly (stuck).
   152 | D:1      | 152 ||| Stepping randomly (stuck).
   153 | D:1      | 153 ||| Stepping randomly (stuck).
   154 | D:1      | 154 ||| Stepping randomly (stuck).
   155 | D:1      | 155 ||| Stepping randomly (stuck).
   156 | D:1      | 156 ||| Stepping randomly (stuck).
   157 | D:1      | 157 ||| Stepping randomly (stuck).
   158 | D:1      | 158 ||| Stepping randomly (stuck).
   159 | D:1      | 159 ||| Stepping randomly (stuck).
   160 | D:1      | 160 ||| Stepping randomly (stuck).
   161 | D:1      | 161 ||| Stepping randomly (stuck).
   162 | D:1      | 162 ||| Stepping randomly (stuck).
   163 | D:1      | 163 ||| Stepping randomly (stuck).
   164 | D:1      | 164 ||| Stepping randomly (stuck).
   165 | D:1      | 165 ||| Stepping randomly (stuck).
   166 | D:1      | 166 ||| Stepping randomly (stuck).
   167 | D:1      | 167 ||| Stepping randomly (stuck).
   168 | D:1      | 168 ||| Stepping randomly (stuck).
   169 | D:1      | 169 ||| Stepping randomly (stuck).
   170 | D:1      | 170 ||| Stepping randomly (stuck).
   171 | D:1      | 171 ||| Stepping randomly (stuck).
   172 | D:1      | 172 ||| Stepping randomly (stuck).
   173 | D:1      | 173 ||| Stepping randomly (stuck).
   174 | D:1      | 174 ||| Stepping randomly (stuck).
   175 | D:1      | 175 ||| Stepping randomly (stuck).
   176 | D:1      | 176 ||| Stepping randomly (stuck).
   177 | D:1      | 177 ||| Stepping randomly (stuck).
   178 | D:1      | 178 ||| Stepping randomly (stuck).
   179 | D:1      | 179 ||| Stepping randomly (stuck).
   180 | D:1      | 180 ||| Stepping randomly (stuck).
   181 | D:1      | 181 ||| Stepping randomly (stuck).
   182 | D:1      | 182 ||| Stepping randomly (stuck).
   183 | D:1      | 183 ||| Stepping randomly (stuck).
   184 | D:1      | 184 ||| Stepping randomly (stuck).
   185 | D:1      | 185 ||| Stepping randomly (stuck).
   186 | D:1      | 186 ||| Stepping randomly (stuck).
   187 | D:1      | 187 ||| Stepping randomly (stuck).
   188 | D:1      | 188 ||| Stepping randomly (stuck).
   189 | D:1      | 189 ||| Stepping randomly (stuck).
   190 | D:1      | 190 ||| Stepping randomly (stuck).
   191 | D:1      | 191 ||| Stepping randomly (stuck).
   192 | D:1      | 192 ||| Stepping randomly (stuck).
   193 | D:1      | 193 ||| Stepping randomly (stuck).
   194 | D:1      | 194 ||| Stepping randomly (stuck).
   195 | D:1      | 195 ||| Stepping randomly (stuck).
   196 | D:1      | 196 ||| Stepping randomly (stuck).
   197 | D:1      | 197 ||| Stepping randomly (stuck).
   198 | D:1      | 198 ||| Stepping randomly (stuck).
   199 | D:1      | 199 ||| Stepping randomly (stuck).
   200 | D:1      | 200 ||| Stepping randomly (stuck).
   201 | D:1      | 201 ||| Stepping randomly (stuck).
   202 | D:1      | 202 ||| Stepping randomly (stuck).
   203 | D:1      | 203 ||| Stepping randomly (stuck).
   204 | D:1      | 204 ||| Stepping randomly (stuck).
   205 | D:1      | 205 ||| Stepping randomly (stuck).
   206 | D:1      | 206 ||| Stepping randomly (stuck).
   207 | D:1      | 207 ||| Stepping randomly (stuck).
   208 | D:1      | 208 ||| Stepping randomly (stuck).
   209 | D:1      | 209 ||| Stepping randomly (stuck).
   210 | D:1      | 210 ||| Stepping randomly (stuck).
   211 | D:1      | 211 ||| Stepping randomly (stuck).
   212 | D:1      | 212 ||| Stepping randomly (stuck).
   213 | D:1      | 213 ||| Stepping randomly (stuck).
   214 | D:1      | 214 ||| Stepping randomly (stuck).
   215 | D:1      | 215 ||| Stepping randomly (stuck).
   216 | D:1      | 216 ||| Stepping randomly (stuck).
   217 | D:1      | 217 ||| Stepping randomly (stuck).
   218 | D:1      | 218 ||| Stepping randomly (stuck).
   219 | D:1      | 219 ||| Stepping randomly (stuck).
   220 | D:1      | 220 ||| Stepping randomly (stuck).
   322 | D:1      | Reached skill level 4 in Axes
   371 | D:1      | Found Tachemu's Armour Boutique.
   417 | D:2      | 417 ||| Stepping ~*~*~tactically~*~*~ (hiding).
   519 | D:2      | 519 ||| Stepping ~*~*~tactically~*~*~ (hiding).
   525 | D:2      | Reached XP level 2. HP: 26/26 MP: 1/1
   672 | D:2      | 672 ||| Stepping ~*~*~tactically~*~*~ (stealth).
   673 | D:2      | 673 ||| Stepping ~*~*~tactically~*~*~ (stealth).
   828 | D:2      | You fall into a shaft and drop 2 floors!
   844 | D:4      | 844 ||| Stepping ~*~*~tactically~*~*~ (hiding).
   848 | D:4      | 848 ||| INVOKING Berserk.
   853 | D:4      | Reached skill level 5 in Axes
   853 | D:4      | Reached XP level 3. HP: 22/31 MP: 2/2
   853 | D:4      | HP: 7/46 [orc/+0 hand axe (6)]
   854 | D:4      | HP: 3/46 [gnoll/+0 spear (1)]
   855 | D:4      | HP: 1/46 [orc/+0 hand axe (2)]
   858 | D:4      | Slain by a gnoll

Levels and vault maps discovered:
D:1:      ldierk_water_garden, layout_basic, serial_shops, shop_statue,
          hellmonk_ecumenical_altar_dog_temple
D:2:      layout_loops_ring, reono_crystal_passage
D:4:      nicolae_cairo_tiling_large, layout_loops_corners, kennysheep_boxes,
          uniq_grinder

Skill      XL: |  1  2 |
---------------+-------+-----
Axes           | 4 5 |  5.5
Fighting       | |  3.6
Armour         | |  2.4
Dodging        | |  2.1

Action                   || total
-------------------------++-------
Melee: Hand axe          ||    34
       Headbutt          ||     7
Invok: Berserk           ||     1
Armor: Animal skin       ||     8
Dodge: Dodged            ||    15

Table legend:
 A = Non-vault XP
 B = Vault XP
 C = Vault XP percentage of total XP
 D = Non-vault monster count
 E = Vault monster count
 F = Vault count percentage of total count
                 A         B        C        D         E       F
            +---------+---------+-------+---------+---------+-------
      Total |      65 |       0 |   0.0 |      13 |       0 |   0.0
            +---------+---------+-------+---------+---------+-------
        D:1 |       7 |       0 |   0.0 |       4 |       0 |   0.0
        D:2 |      23 |       0 |   0.0 |       8 |       0 |   0.0
        D:4 |      35 |       0 |   0.0 |       1 |       0 |   0.0
            +---------+---------+-------+---------+---------+-------
